General information
			
			
        
        - name: BNet
 
        - type: Ladder team game (AT/RT)
 
        - host: Battle.net
 
        - saver: PRINCEOFPENlSES
 
        
map: RiverOfSouls 
        - players: 6
 
        - length: 24:14
 
        - speed: Fast
 - version: 1.22 W3XP
 - replay type:  Public
 
» download(147 KB)
Players
        team 1 (loser) 
              
              
dredan (
purple | 57 APM | 1353 actions | 23:56)
              
 3 Mountain King 
 2 Storm Bolt
 1 Thunder Clap
 
                » actions 
                
                | Assign group hotkey | 3 |  | 
| Build / train | 61 |  | 
| Enter build submenu | 21 |  | 
| Enter hero's abilities submenu | 3 |  | 
| Right click | 922 |  | 
| Select / deselect | 305 |  | 
| Select group hotkey | 7 |  | 
| Use ability | 31 |  | 
                1353 total
 » units 
                
                | Peasant | 9 |  | 
| Footman | 6 |  | 
| Knight | 4 |  | 
| Siege Engine | 5 |  | 
| Flying Machine | 12 |  | 
| Mortar Team | 6 |  | 
                42 total
 » upgrades
                
                | Lumber Harvesting | 2 |  | 
| Long Rifles | 1 |  | 
| Animal War Training | 1 |  | 
| Barrage | 1 |  | 
| Flying Machine Bombs | 1 |  | 
| Flak Cannons | 1 |  | 
                7 total
 » buildings
                
                | Altar of Kings | 1 |  | 
| Farm | 9 |  | 
| Barracks | 1 |  | 
| Keep | 1 |  | 
| Scout Tower | 5 |  | 
| Lumber Mill | 1 |  | 
| Arcane Tower | 1 |  | 
| Castle | 1 |  | 
| Guard Tower | 4 |  | 
| Blacksmith | 1 |  | 
| Workshop | 2 |  | 
                27 total
 » build order
                00:05 Altar of Kings
00:08 Farm
00:13 Barracks
01:07 Farm
01:51 Farm
04:14 Keep
04:20 Scout Tower
04:26 Lumber Mill
05:12 Arcane Tower
06:11 Scout Tower
07:03 Castle
07:07 Guard Tower
07:20 Scout Tower
07:37 Scout Tower
08:19 Blacksmith
08:43 Guard Tower
09:14 Guard Tower
09:26 Scout Tower
09:37 Workshop
09:48 Workshop
10:02 Guard Tower
11:21 Farm
11:23 Farm
14:33 Farm
14:36 Farm
17:43 Farm
17:50 Farm
» items
                 
               
              
              
» 
jayzien (
orange | 28 APM | 664 actions | 24:03)
              
 2 Priestess of the Moon 
 1 Trueshot Aura
 1 Searing Arrows
 
                » actions 
                
                | Assign group hotkey | 3 |  | 
| Basic commands | 37 |  | 
| Build / train | 58 |  | 
| ESC pressed | 1 |  | 
| Enter build submenu | 32 |  | 
| Enter hero's abilities submenu | 2 |  | 
| Right click | 202 |  | 
| Select / deselect | 262 |  | 
| Select group hotkey | 30 |  | 
| Use ability | 37 |  | 
                664 total
 » units 
                
                | Wisp | 27 |  | 
| Archer | 22 |  | 
| Huntress | 2 |  | 
| Glaive Thrower | 1 |  | 
                52 total
 » upgrades
                
                | Strength of the Moon | 1 |  | 
| Moon Armor | 1 |  | 
                2 total
 » buildings
                
                | Ancient of War | 2 |  | 
| Moon Well | 5 |  | 
| Altar of Elders | 2 |  | 
| Hunter's Hall | 2 |  | 
| Ancient Protector | 6 |  | 
| Tree of Ages | 1 |  | 
| Tree of Life | 3 |  | 
                21 total
 » build order
                00:23 Ancient of War
00:48 Moon Well
00:59 Altar of Elders
01:09 Altar of Elders
01:50 Moon Well
05:13 Hunter's Hall
06:55 Moon Well
08:03 Ancient Protector
08:55 Tree of Ages
11:15 Moon Well
13:10 Tree of Life
13:51 Ancient of War
13:56 Moon Well
14:02 Ancient Protector
14:10 Ancient Protector
14:51 Tree of Life
15:06 Tree of Life
15:30 Ancient Protector
15:55 Ancient Protector
16:11 Ancient Protector
21:40 Hunter's Hall
 
               
              
              
MrStrange_ (
teal | 85 APM | 2056 actions | 24:13)
              
 4 Keeper of the Grove 
 2 Entangling Roots
 2 Thorns Aura
 
                » actions 
                
                | Assign group hotkey | 29 |  | 
| Basic commands | 12 |  | 
| Build / train | 49 |  | 
| Enter build submenu | 14 |  | 
| Enter hero's abilities submenu | 4 |  | 
| Remove unit from queue | 1 |  | 
| Right click | 1478 |  | 
| Select / deselect | 219 |  | 
| Select group hotkey | 189 |  | 
| Use ability | 61 |  | 
                2056 total
 » units 
                
                | Wisp | 10 |  | 
| Huntress | 10 |  | 
| Glaive Thrower | 2 |  | 
| Dryad | 3 |  | 
| Archer | 3 |  | 
                28 total
 » upgrades
                
                | Strength of the Moon | 3 |  | 
| Abolish Magic | 1 |  | 
| Druid of the Claw Training | 1 |  | 
| Marksmanship | 1 |  | 
| Moon Armor | 1 |  | 
| Improved Bows | 1 |  | 
                8 total
 » buildings
                
                | Altar of Elders | 1 |  | 
| Moon Well | 7 |  | 
| Hunter's Hall | 1 |  | 
| Ancient of War | 2 |  | 
| Ancient of Wonders | 1 |  | 
| Tree of Ages | 1 |  | 
| Ancient of Lore | 1 |  | 
| Tree of Eternity | 1 |  | 
| Tree of Life | 1 |  | 
                16 total
 » build order
                00:09 Altar of Elders
00:24 Moon Well
01:20 Moon Well
02:00 Hunter's Hall
02:06 Ancient of War
02:13 Ancient of War
02:33 Moon Well
03:00 Moon Well
05:06 Ancient of Wonders
05:38 Tree of Ages
05:47 Moon Well
09:53 Ancient of Lore
13:41 Tree of Eternity
17:05 Moon Well
18:01 Moon Well
22:05 Tree of Life
» items
                
                | Dust of Appearance | 2 |  | 
| Potion of Healing | 1 |  | 
| Scroll of Town Portal | 1 |  | 
                4 total
  
               team 2 (winner) 
              
              
FedEx (
blue | 56 APM | 1367 actions | 24:13)
              
 4 Blademaster 
 2 Wind Walk
 2 Critical Strike
 
                » actions 
                
                | Assign group hotkey | 9 |  | 
| Basic commands | 9 |  | 
| Build / train | 59 |  | 
| ESC pressed | 4 |  | 
| Enter build submenu | 36 |  | 
| Enter hero's abilities submenu | 4 |  | 
| Give item / drop item | 3 |  | 
| Right click | 714 |  | 
| Select / deselect | 234 |  | 
| Select group hotkey | 127 |  | 
| Use ability | 168 |  | 
                1367 total
 » units 
                » upgrades
                
                | Ranged Weapons | 3 |  | 
| Liquid Fire | 1 |  | 
| Armor | 2 |  | 
                6 total
 » buildings
                
                | Orc Burrow | 4 |  | 
| Altar of Storms | 1 |  | 
| War Mill | 1 |  | 
| Voodoo Lounge | 2 |  | 
| Watch Tower | 21 |  | 
| Stronghold | 3 |  | 
| Beastiary | 2 |  | 
| Fortress | 2 |  | 
                36 total
 » build order
                00:05 Orc Burrow
00:23 Altar of Storms
00:55 Orc Burrow
01:09 War Mill
01:34 Voodoo Lounge
02:22 Watch Tower
03:07 Watch Tower
03:09 Watch Tower
03:11 Watch Tower
04:12 Watch Tower
04:14 Watch Tower
05:02 Watch Tower
05:07 Stronghold
05:19 Watch Tower
05:41 Watch Tower
06:02 Watch Tower
06:08 Watch Tower
06:11 Watch Tower
06:14 Watch Tower
06:18 Watch Tower
07:01 Stronghold
07:02 Stronghold
07:09 Watch Tower
07:13 Watch Tower
07:52 Watch Tower
07:54 Watch Tower
08:03 Orc Burrow
08:08 Orc Burrow
08:20 Watch Tower
08:24 Watch Tower
08:33 Watch Tower
09:25 Beastiary
09:26 Beastiary
10:22 Fortress
10:22 Fortress
14:03 Voodoo Lounge
» items
                
                | Healing Salve | 2 |  | 
| Lesser Clarity Potion | 4 |  | 
| Boots of Speed | 1 |  | 
| Staff of Teleportation | 1 |  | 
| Orb of Lightning | 1 |  | 
| Potion of Mana | 1 |  | 
| Potion of Healing | 2 |  | 
                12 total
  
               
              
              
PRINCEOFPENlSES (
yellow | 88 APM | 2125 actions | 24:14)
              
 5 Far Seer 
 3 Feral Spirit
 2 Chain Lighting
 4 Tauren Chieftain 
 2 Shockwave
 2 Endurance Aura
 
                » actions 
                
                | Assign group hotkey | 12 |  | 
| Basic commands | 23 |  | 
| Build / train | 57 |  | 
| ESC pressed | 1 |  | 
| Enter build submenu | 41 |  | 
| Enter hero's abilities submenu | 9 |  | 
| Give item / drop item | 7 |  | 
| Right click | 1014 |  | 
| Select / deselect | 410 |  | 
| Select group hotkey | 421 |  | 
| Use ability | 130 |  | 
                2125 total
 » units 
                » upgrades
                
                | Spiked Barricades | 1 |  | 
| Pillage | 1 |  | 
| Melee Weapons | 2 |  | 
| Armor | 3 |  | 
| Ensnare | 1 |  | 
                8 total
 » buildings
                
                | Altar of Storms | 1 |  | 
| Orc Burrow | 4 |  | 
| War Mill | 1 |  | 
| Watch Tower | 33 |  | 
| Stronghold | 1 |  | 
| Voodoo Lounge | 1 |  | 
| Beastiary | 2 |  | 
| Fortress | 1 |  | 
                44 total
 » build order
                00:06 Altar of Storms
00:15 Orc Burrow
00:38 War Mill
01:37 Orc Burrow
01:51 Watch Tower
02:23 Watch Tower
02:30 Watch Tower
02:34 Watch Tower
02:59 Watch Tower
03:16 Watch Tower
03:21 Watch Tower
03:42 Watch Tower
04:26 Watch Tower
04:28 Stronghold
04:34 Watch Tower
04:43 Voodoo Lounge
05:00 Orc Burrow
05:27 Watch Tower
05:33 Watch Tower
05:56 Watch Tower
06:14 Watch Tower
06:44 Watch Tower
06:52 Beastiary
07:12 Beastiary
07:39 Watch Tower
07:55 Watch Tower
08:00 Watch Tower
08:17 Orc Burrow
09:01 Watch Tower
09:07 Watch Tower
09:35 Watch Tower
10:09 Watch Tower
13:49 Watch Tower
13:51 Watch Tower
14:56 Watch Tower
16:04 Watch Tower
16:06 Watch Tower
16:11 Watch Tower
18:30 Fortress
18:44 Watch Tower
18:44 Watch Tower
18:47 Watch Tower
22:13 Watch Tower
22:15 Watch Tower
» items
                
                | Staff of Teleportation | 2 |  | 
| Boots of Speed | 2 |  | 
| Healing Salve | 3 |  | 
| Lesser Clarity Potion | 2 |  | 
| Scroll of Town Portal | 4 |  | 
| Orb of Lightning | 2 |  | 
                15 total
  
               
              
              
TheCumKing (
red | 51 APM | 1245 actions | 24:13)
              
 4 Warden 
 2 Shadow Strike
 2 Blink
 4 Keeper of the Grove 
 2 Entangling Roots
 2 Force of Nature
 
                » actions 
                
                | Assign group hotkey | 4 |  | 
| Basic commands | 3 |  | 
| Build / train | 50 |  | 
| ESC pressed | 1 |  | 
| Enter build submenu | 14 |  | 
| Enter hero's abilities submenu | 8 |  | 
| Give item / drop item | 2 |  | 
| Remove unit from queue | 3 |  | 
| Right click | 771 |  | 
| Select / deselect | 210 |  | 
| Select group hotkey | 91 |  | 
| Use ability | 88 |  | 
                1245 total
 » units 
                » upgrades
                
                | Well Spring | 1 |  | 
| Ultravision | 1 |  | 
| Nature's Blessing | 1 |  | 
| Druid of the Talon Training | 2 |  | 
                5 total
 » buildings
                
                | Altar of Elders | 1 |  | 
| Moon Well | 12 |  | 
| Ancient of Wonders | 1 |  | 
| Tree of Ages | 1 |  | 
| Tree of Eternity | 1 |  | 
| Hunter's Hall | 1 |  | 
| Tree of Life | 3 |  | 
| Ancient of Wind | 1 |  | 
                21 total
 » build order
                00:06 Altar of Elders
00:18 Moon Well
01:33 Moon Well
02:23 Ancient of Wonders
04:12 Tree of Ages
05:32 Moon Well
05:33 Moon Well
05:34 Moon Well
06:36 Tree of Eternity
08:00 Hunter's Hall
08:04 Tree of Life
09:10 Ancient of Wind
10:10 Tree of Life
12:18 Tree of Life
13:39 Moon Well
13:40 Moon Well
13:41 Moon Well
13:43 Moon Well
13:44 Moon Well
13:46 Moon Well
17:21 Moon Well
» items
                
                | Boots of Speed | 2 |  | 
| Staff of Teleportation | 2 |  | 
| Periapt of Vitality | 1 |  | 
| Orb of Venom | 2 |  | 
| Staff of Preservation | 2 |  | 
                9 total
  
                Chat log
          (00:20 / Allies) FedEx: ch0kes
(00:22 / Allies) PRINCEOFPENlSES: ofc
(00:35 / Allies) TheCumKing: fed u tower mine
(00:40 / Allies) TheCumKing: frosty tower bottom 2
(00:43 / Allies) TheCumKing: ill feed frosty
(00:56 / Allies) TheCumKing: kk?
(00:58 / Allies) PRINCEOFPENlSES: k k
(01:00 / Allies) PRINCEOFPENlSES: k
(03:12 / Allies) TheCumKing: these guys are noooobs
(03:16 / Allies) PRINCEOFPENlSES: yes
(03:16 / Allies) FedEx: ye
(03:26 / Allies) TheCumKing: lol
(03:29 / Allies) TheCumKing: hes atacking me with wisps
(03:38 / Allies) TheCumKing: he had a wisp surround :O
(03:45 / Allies) FedEx: gg
(03:52 / Allies) PRINCEOFPENlSES: hide
(03:55 / Allies) TheCumKing: am
(04:01 / Allies) PRINCEOFPENlSES: ss
(04:04 / Allies) PRINCEOFPENlSES: nice
(04:07 / Allies) TheCumKing: shh
(04:09 / Allies) TheCumKing: i know what im doing
(04:10 / Allies) PRINCEOFPENlSES: ok ok
(04:50 / Allies) TheCumKing: tower those if u can
(04:54 / Allies) FedEx: o 
(04:54 / Allies) PRINCEOFPENlSES: imo go easy on them
(04:54 / Allies) FedEx: no
(05:03 / Allies) FedEx: my
(05:04 / Allies) FedEx: hero
(06:37 / Allies) PRINCEOFPENlSES: start some trees up!
(06:50 / Allies) TheCumKing: waiting til thats clear
(07:18 / Allies) PRINCEOFPENlSES: aim alt tabbed me thats gay
(07:26 / Allies) FedEx: looooooooooooool
(07:33 / Allies) FedEx: needs more towa
(07:40 / Allies) FedEx: and there too!!
(07:47 / Allies) PRINCEOFPENlSES: its basically fine
(07:57 / Allies) FedEx: ur basically gey
(08:52 / Allies) FedEx: sick treee
(09:48 / Allies) TheCumKing: gold for tree plz
(09:56 / Allies) FedEx: aint got none
(09:59 / Allies) PRINCEOFPENlSES: aint got none
(10:42 / Allies) PRINCEOFPENlSES: tt
(10:43 / Allies) FedEx: noob
(11:29 / Allies) FedEx: laff
(11:31 / Allies) TheCumKing: got raider?
(11:33 / Allies) PRINCEOFPENlSES: yeah
(12:27 / Allies) PRINCEOFPENlSES: shit
(12:35 / Allies) FedEx: o my
(12:38 / Allies) TheCumKing: cumming
(13:25 / Allies) FedEx: ownt
(13:29 / Allies) FedEx: o
(13:29 / Allies) FedEx: gg
(13:33 / Allies) FedEx: ps build more wells
(14:10 / Allies) TheCumKing: tree numba 2
(14:12 / Allies) PRINCEOFPENlSES: yah
(14:38 / Allies) PRINCEOFPENlSES: i wonder if they are confused about how i just kind of appeared there
(14:43 / Allies) TheCumKing: lol
(15:15 / Allies) TheCumKing: tanks
(15:16 / Allies) TheCumKing: lawl
(16:34 / Allies) FedEx: this shit gonna die
(16:57 / Allies) PRINCEOFPENlSES: yeah he was sitting there a sec ago though
(17:36 / Allies) FedEx: lol
(19:11 / Allies) PRINCEOFPENlSES: whhahhht
(19:37 / Allies) PRINCEOFPENlSES: ugh you ruined it fedex i was about to come in
(19:48 / Allies) FedEx: ha owend!
(19:51 / All) dredan: pretty
(19:51 / All) dredan: gay
(19:52 / All) dredan: strat
(19:53 / All) dredan: guys
(19:59 / All) PRINCEOFPENlSES: pretty gay opponenets you guys
(20:08 / All) MrStrange_: lol
(20:10 / All) FedEx: *terrible
(20:28 / Allies) TheCumKing: lol
(20:31 / Allies) FedEx: hahaha
(20:35 / Allies) FedEx: yeah i owned oj's base
(20:40 / Allies) TheCumKing: and i took it over :D
(20:45 / Allies) FedEx: g_g
(20:54 / Allies) FedEx: o fuck
(20:55 / Allies) FedEx: gg
(21:01 / Allies) FedEx: bm 1/2 done
(21:14 / Allies) PRINCEOFPENlSES: god pillage is so fun
(21:21 / Allies) FedEx: hahaha
(21:32 / Allies) FedEx: we should do invi raiders
(21:40 / Allies) PRINCEOFPENlSES: this way is more fun i tihnk
(21:55 / Allies) PRINCEOFPENlSES: no need to tp out even
(22:10 / Allies) TheCumKing: ahahaha
(22:12 / Allies) TheCumKing: i ran the tree away
(22:15 / Allies) TheCumKing: and they didnt chase it
(22:16 / Allies) PRINCEOFPENlSES: lolll
(22:27 / Allies) TheCumKing: i distracted with heros
(22:33 / Allies) PRINCEOFPENlSES: mortz
(23:10 / Allies) TheCumKing: ahahah
(23:58 / Allies) FedEx: gg skeles
(24:07 / All) MrStrange_: Gg